 Dungeon Crawl Stone Soup version 0.27.1-1-g398f81649c (webtiles) character file.

Game seed: 12842292995461210032

487 phibes the Ruffian (level 6, -1/57 HPs)
             Began as a Troll Warper on Sept 10, 2021.
             Was a Priest of Lugonu.
             Slain by Duvessa (12 damage)
             ... on level 4 of the Dungeon.
             The game lasted 00:35:55 (2590 turns).

phibes the Ruffian (Troll Warper)                   Turns: 2590, Time: 00:35:56

Health: -1/57      AC:  6    Str: 21    XL:     6   Next: 89%
Magic:  7/7        EV: 10    Int: 10    God:    Lugonu [***...]
Gold:   198        SH:  0    Dex:  9    Spells: 7/7 levels left

rFire    . . .     SeeInvis .     - Unarmed
rCold    . . .     Faith    .   (no shield)
rNeg     . . .     Spirit   .   a - +0 robe
rPois    .         Reflect  .   i - +2 hat
rElec    .         Harm     .   (no cloak)
rCorr    .         Rampage  .   (gloves unavailable)
Will     .....                  (boots unavailable)
Stlth    +.........             p - amulet of magic regeneration
HPRegen  1.19/turn              (no ring)
MPRegen  0.35/turn              (no ring)

@: no status effects
A: large, unfitting armour, claws 3, regeneration 1, shaggy fur 1, tough skin 1
a: Renounce Religion, Depart the Abyss, Bend Space, Banish


You were on level 4 of the Dungeon.
You worshipped Lugonu.
Lugonu was most pleased with you.
You visited 1 branch of the dungeon, and saw 4 of its levels.

You collected 198 gold pieces.

Inventory:

Missiles
 c - 5 boomerangs of dispersal (quivered)
 d - 41 stones
 o - 14 sling bullets
 q - 5 silver boomerangs
Armour
 a - a +0 robe (worn)
 i - a +2 hat (worn)
Jewellery
 p - an amulet of magic regeneration (around neck)
Scrolls
 b - a scroll of blinking
 e - a scroll of magic mapping
 f - a scroll of noise {unknown}
 m - a scroll of enchant armour
Potions
 h - a potion of curing
 l - a potion of lignification


   Skills:
 + Level 2.0 Fighting
 + Level 0.8 Throwing
 + Level 3.2 Dodging
 + Level 0.8 Stealth
 + Level 5.7 Unarmed Combat
 + Level 1.3 Spellcasting
 + Level 2.7 Translocations


You had 7 spell levels left.
You didn't know any spells.
Your spell library contained the following spells:

 Spells                   Type           Power      Damage    Failure   Level
 Blink                    Tloc           N/A        N/A       17%         2
 Gell's Gravitas          Tloc           3%         N/A       32%         3
 Lesser Beckoning         Tloc           3%         N/A       32%         3
 Teleport Other           Tloc           6%         N/A       32%         3
 Manifold Assault         Tloc           6%         N/A       97%         5


Dungeon Overview and Level Annotations

Branches:
Dungeon (4/15)
 Temple: D:4-7

Altars:
Uskayaw
Vehumet
Lugonu

Shops:
D:2 [   D:4 [

Annotations:
D:4 Duvessa


Innate Abilities, Weirdness & Mutations

You are too large for most types of armour.
You have claws for hands.
Your natural rate of healing is unusually fast.
You are covered in fur. (AC +1)
You have tough skin. (AC +1)


Message History

You climb downwards.
There is a stone staircase leading up here.
There is an entrance to Tomomeof's Antique Armour Emporium here.
f - a scroll labelled ZIUN EDAAGITT Dowan, Brother of Duvessa comes into view.
He is wielding a +0 dagger and wearing a +1 robe of willpower.
Dowan shouts!
Press: ? - help, v - describe, . - travel
Here: Dowan, wielding a +0 dagger and wearing a +1 robe of willpower The floor.
You claw Dowan!
Dowan is severely wounded.
You hear a shout!
Dowan barely misses you.
You scratch Dowan but do no damage.
Dowan is severely wounded.
Duvessa, Sister of Dowan comes into view.
She is wielding a +1 short sword of speed.
Dowan hits you with a +0 dagger.
You claw Dowan!
You kill Dowan!
Lugonu accepts your kill.
Duvessa screams in rage.
Duvessa goes berserk!
Duvessa rages.
You claw Duvessa!
Duvessa is moderately wounded.
You hear a shout!
Duvessa hits you with a +1 short sword of speed!
A goblin comes into view. It is wielding a +0 club.
You completely miss Duvessa.
Duvessa is moderately wounded.
Duvessa hits you with a +1 short sword of speed!!
Duvessa barely misses you.
You claw Duvessa!
Duvessa is heavily wounded.
Duvessa hits you with a +1 short sword of speed!
* * * LOW HITPOINT WARNING * * *
Duvessa hits you with a +1 short sword of speed!
* * * LOW HITPOINT WARNING * * *
Duvessa hits you with a +1 short sword of speed!
You die...

### ..# #.# #####
#.# ...# #.#
##.###.#######
#####...##...g...#
#...........e###.#
#.###...##.@.#
#...##...#
#.....#..∩...#
..###...#..#<#
##.###.#.# #.
#.#.# #. ..#.# ##
.##.# #. #..


You could see Duvessa (berserk) and a goblin.

Vanquished Creatures
  Grinder (D:3)
  A centaur (D:3)
  Dowan (D:4)
  An orc wizard (D:3)
  9 adders
  A worm (D:2)
  A dart slug (D:3)
  6 orcs (D:3)
  5 bats
  5 endoplasms
  A giant cockroach (D:1)
  3 goblins
  8 hobgoblins
  4 quokkas (D:1)
  16 ball pythons
  3 frilled lizards (D:2)
  4 kobolds
  4 rats
74 creatures vanquished.

Notes
Turn   | Place    | Note
-------+----------+-------------------------------------------
     0 | D:1      | phibes the Troll Warper began the quest for the Orb.
     0 | D:1      | Reached XP level 1. HP: 19/19 MP: 1/1
     2 | D:1      | Noticed a vine stalker
     2 | D:1      | Noticed a barachi
     4 | D:1      | Noticed an ogre
     4 | D:1      | Noticed a naga
     6 | D:1      | Noticed a formicid
     6 | D:1      | Noticed a minotaur
     8 | D:1      | Noticed a ghoul
     8 | D:1      | Noticed a dwarf
    12 | D:1      | Noticed a troll
    12 | D:1      | Noticed a demonspawn
    14 | D:1      | Noticed a human
    14 | D:1      | Noticed a draconian
    16 | D:1      | Noticed a djinni
    16 | D:1      | Noticed a merfolk
    18 | D:1      | Noticed a vampire
    20 | D:1      | Noticed a tengu
    20 | D:1      | Noticed a demigod
    22 | D:1      | Noticed a spriggan
    22 | D:1      | Noticed a felid
    24 | D:1      | Noticed a gargoyle
    24 | D:1      | Noticed an octopode
    26 | D:1      | Noticed a palentonga
    26 | D:1      | Noticed an elf
   281 | D:1      | Reached XP level 2. HP: 27/27 MP: 2/2
   298 | D:1      | Found a faded altar of an unknown god.
   316 | D:1      | Became a worshipper of Lugonu the Unformed
   316 | D:1      | Reached * piety under Lugonu
   316 | D:1      | Reached ** piety under Lugonu
  1025 | D:2      | Reached XP level 3. HP: 35/35 MP: 4/4
  1382 | D:2      | Found Izow's Armour Shop.
  1774 | D:3      | Noticed Grinder
  1824 | D:3      | Paralysed by Grinder for 3 turns
  1833 | D:3      | Killed Grinder
  1834 | D:3      | Reached skill level 4 in Unarmed Combat
  1834 | D:3      | Reached XP level 4. HP: 25/42 MP: 5/5
  1834 | D:3      | Reached XP level 5. HP: 30/49 MP: 6/6
  1967 | D:3      | Found a hide-covered altar of Uskayaw.
  1973 | D:3      | Reached XP level 6. HP: 57/57 MP: 7/7
  2013 | D:3      | Reached skill level 5 in Unarmed Combat
  2214 | D:3      | Found a radiant altar of Vehumet.
  2242 | D:3      | Reached *** piety under Lugonu
  2490 | D:4      | Found Tomomeof's Antique Armour Emporium.
  2581 | D:4      | Noticed Dowan
  2585 | D:4      | Noticed Duvessa
  2586 | D:4      | Killed Dowan
  2590 | D:4      | Slain by Duvessa

Illustrated notes

Levels and vault maps discovered:
D:1:      kb_arrival_jail, layout_basic, chequers_ecumenical_altar_simple_redux,
          grunt_decor_mini_mirrors
D:2:      layout_basic, serial_shops, shop
D:3:      layout_rooms, general_overflow_altar, nicolae_uskayaw_suspiria,
          minmay_snake_closets, uniq_grinder
D:4:      black_bear_nest_2, layout_loops_ring, serial_shops, shop,
          kennysheep_pointless_box, minivault_14, uniq_duvessa

Skill      XL: |  1  2  3  4  5  6 |
---------------+-------------------+-----
Dodging        | 2 3 |  3.2
Unarmed Combat | 4 5 |  5.7
Fighting       | 2 |  2.0
Throwing       | |  0.8
Stealth        | |  0.8
Spellcasting   | |  1.3
Translocations | |  2.7

Action                   |  1- 3 |  4- 6 || total
-------------------------+-------+-------++-------
Melee: Unarmed           |   103 |    98 ||   201
       Punch             |     1 |       ||     1
  Use: Potion            |       |     6 ||     6
       Scroll            |       |     3 ||     3
 Stab: Sleeping          |       |     3 ||     3
Armor: Robe              |    43 |    49 ||    92
Dodge: Dodged            |    51 |    48 ||    99
